 Dungeon Crawl Stone Soup version 0.28-a0-1312-g71652a0310 (webtiles) character file.

Game seed: 4952385347735277207

1510626 r3xj the Conqueror (level 27, 280/300 HPs)
             Began as a Minotaur Fighter on Dec 25, 2021.
             Was a High Priest of Okawaru.
             Escaped with the Orb
             ... and 3 runes on Dec 27, 2021!
             The game lasted 04:45:23 (94734 turns).

r3xj the Conqueror (Minotaur Fighter)              Turns: 94734, Time: 04:45:23

Health: 280/300    AC: 47    Str: 34    XL:     27
Magic:  36/36      EV: 23    Int:  5    God:    Okawaru [*****.]
Gold:   7287       SH: 27    Dex: 19    Spells: 40/47 levels left

rFire   + + +      SeeInvis +   G - +9 broad axe (flame)
rCold   + + +      Faith    .   T - +2 tower shield
rNeg    + + .      Spirit   +   x - +8 gold dragon scales
rPois   +          Reflect  .   A - +2 hat {Will+}
rElec   .          Harm     .   c - +0 cloak "Icekell" {Rampage rPois Will+}
rCorr   .          Rampage  +   P - +2 pair of gloves {infuse}
Will    ++++.                   M - +2 pair of boots {Stlth+}
Stlth   ..........              Q - amulet "Biffostri" {Spirit Fragile rPois rF+ rC+}
HPRegen 0.60/turn               X - ring "Fafruaz" {rPois rF+ rN+ Dex+6}
MPRegen 0.25/turn               F - ring "Loumiyph" {Fly rC+ rN+ SInv Stlth+}

@: flying
A: horns 2, retaliatory headbutt, robust 1, strong 1, noise suppression
0: Orb of Zot
}: 3/15 runes: decaying, serpentine, silver
a: Renounce Religion, Heroism, Finesse, Duel


You escaped.
You worshipped Okawaru.
Okawaru was extremely pleased with you.
You visited 10 branches of the dungeon, and saw 49 of its levels.
You visited 1 bazaar.
You also visited: Gauntlet, Ice Cave, Wizlab and Desolation.

You collected 9264 gold pieces.
You spent 1977 gold pieces at shops.

Inventory:

Hand Weapons
 a - the +6 shillelagh "Devastator" {shatter}
   (Okawaru gifted it to you on level 2 of the Snake Pit)

   It releases a powerful concussive burst when it strikes, dealing extra damage
   to the target and all other foes adjacent to them.
 b - a +4 vorpal broad axe
 j - the +7 glaive "Hew Fucwad" {elec, rF+ Will+}
   (You took it off a deep elf archer on level 3 of the Elven Halls)

   It occasionally discharges a powerful burst of electricity upon striking a
   foe.
   rF:        It protects you from fire.
   Will:      It increases your willpower.
 D - a +5 eveningstar of protection
 G - a +9 broad axe of flaming (weapon)
Missiles
 k - 218 poisoned darts (quivered)
Armour
 c - the +0 cloak "Icekell" (worn) {Rampage rPois Will+}
   (You acquired it on level 2 of the Elven Halls)

   rPois:     It protects you from poison.
   Rampage:   It bestows one free step when moving towards enemies.
   Will:      It increases your willpower.
 m - +3 storm dragon scales {Bai Suzhen}
 x - +8 gold dragon scales (worn)
 A - a +2 hat of willpower (worn)
 M - a +2 pair of boots of stealth (worn)
 N - a +2 crystal plate armour
 P - a +2 pair of gloves of infusion (worn)
 T - a +2 tower shield (worn)
 U - a +0 kite shield of protection
 Y - a +3 plate armour of cold resistance
Jewellery
 t - the ring of Pajusef {rElec Will+ AC+4}
   (You found it in a Gauntlet)

   [ring of protection]

   AC:        It affects your AC (+4).
   rElec:     It insulates you from electricity.
   Will:      It increases your willpower.
 y - the ring of Gynos {rElec Will+ Dex+2 SInv Stlth+}
   (You found it in the Desolation of Salt)

   [ring of willpower]

   Dex:       It affects your dexterity (+2).
   rElec:     It insulates you from electricity.
   SInv:      It lets you see invisible.
   Will:      It increases your willpower.
   Stlth:     It makes you more stealthy.
 z - the amulet of Keda {Reflect -Tele rF++ Int+3 Dex+3 SH+5}
   (You took it off a deep elf demonologist on level 3 of the Elven Halls)

   [amulet of reflection]

   It reflects blocked missile attacks.
   Int:       It affects your intelligence (+3).
   Dex:       It affects your dexterity (+3).
   rF:        It greatly protects you from fire.
   -Tele:     It prevents most forms of teleportation.
   SH:        It affects your SH (+5).
 F - the ring "Loumiyph" (right hand) {Fly rC+ rN+ SInv Stlth+}
   (You acquired it on level 2 of the Vaults)

   [ring of positive energy]

   rC:        It protects you from cold.
   rN:        It protects you from negative energy.
   SInv:      It lets you see invisible.
   Fly:       It grants you flight.
   Stlth:     It makes you more stealthy.
 K - the ring of Law {Fly rElec rC+ MP+9}
   (You found it in a Gauntlet)

   [ring of magical power]

   rC:        It protects you from cold.
   rElec:     It insulates you from electricity.
   MP:        It affects your magic capacity (+9).
   Fly:       It grants you flight.
 Q - the amulet "Biffostri" (around neck) {Spirit Fragile rPois rF+ rC+}
   (You found it in the Desolation of Salt)

   [amulet of guardian spirit]

   It causes incoming damage to be divided between your reserves of health and
   magic.
   rF:        It protects you from fire.
   rC:        It protects you from cold.
   rPois:     It protects you from poison.
   Fragile:   It will be destroyed if unequipped.
 V - the ring "Qauf" {rC+ rN+ Will+}
   (You found it in a wizard's laboratory)

   [ring of protection from cold]

   rC:        It protects you from cold.
   rN:        It protects you from negative energy.
   Will:      It increases your willpower.
 W - the amulet of the Greedy {Acrobat rElec rPois Int-3 Stlth+}
   (You found it in a wizard's laboratory)

   [amulet of the acrobat]

   It increases your evasion while moving and waiting.
   Int:       It affects your intelligence (-3).
   rElec:     It insulates you from electricity.
   rPois:     It protects you from poison.
   Stlth:     It makes you more stealthy.
 X - the ring "Fafruaz" (left hand) {rPois rF+ rN+ Dex+6}
   (You found it on level 12 of the Dungeon)

   [ring of dexterity]

   Dex:       It affects your dexterity (+6).
   rF:        It protects you from fire.
   rPois:     It protects you from poison.
   rN:        It protects you from negative energy.
Wands
 i - a wand of iceblast (5)
 n - a wand of digging (13)
Scrolls
 d - 4 scrolls of identify
 f - 7 scrolls of teleportation
 g - 8 scrolls of fear
 h - 5 scrolls of blinking
 l - 9 scrolls of fog
 o - 5 scrolls of brand weapon
 p - 7 scrolls of magic mapping
 q - 4 scrolls of holy word
 r - 7 scrolls of enchant weapon
 Z - 6 scrolls of silence
Potions
 u - 4 potions of berserk rage
 v - 19 potions of curing
 w - 4 potions of mutation
 B - 7 potions of might
 C - 7 potions of brilliance
 E - 2 potions of ambrosia
 I - 9 potions of heal wounds
 L - 4 potions of invisibility
 O - 2 potions of cancellation
 R - 7 potions of haste
 S - 4 potions of resistance


   Skills:
 O Level 27 Fighting
 - Level 16.5(18.0) Axes
 - Level 12.0(15.8) Maces & Flails
 O Level 27 Armour
 O Level 27 Dodging
 * Level 25.2 Shields
 + Level 10.6 Spellcasting
 + Level 1.4 Translocations
 + Level 1.6 Transmutations
 - Level 16.0 Invocations


You had 40 spell levels left.
You knew the following spells:

 Your Spells              Type           Power      Damage    Failure   Level
a - Wereblood             Tmut           4%         N/A       52%         2
b - Manifold Assault      Tloc           4%         N/A       100%        5

Your spell library contained the following spells:

 Spells                   Type           Power      Damage    Failure   Level
 Beastly Appendage        Tmut           8%         N/A       38%         1
 Apportation              Tloc           8%         N/A       41%         1
 Sting                    Tmut/Pois      12%        1d3       50%         1
 Foxfire                  Conj/Fire      8%         2x1d4     63%         1
 Freeze                   Ice            8%         1d3       63%         1
 Pain                     Necr           8%         1d4       63%         1
 Sandblast                Erth           4%         2d4       63%         1
 Shock                    Conj/Air       8%         1d3       63%         1
 Slow                     Hex            8%         N/A       63%         1
 Passwall                 Tmut/Erth      2%         N/A       65%         2
 Ensorcelled Hibernation  Hex/Ice        4%         N/A       77%         2
 Poisonous Vapours        Pois/Air       4%         N/A       77%         2
 Scorch                   Fire           4%         2d5       77%         2
 Static Discharge         Conj/Air       2%         N/A       77%         2
 Sublimation of Blood     Necr           2%         N/A       77%         2
 Gell's Gravitas          Tloc           4%         N/A       78%         3
 Lesser Beckoning         Tloc           4%         N/A       78%         3
 Teleport Other           Tloc           4%         N/A       78%         3
 Spider Form              Tmut/Pois      3%         N/A       86%         3
 Ignite Poison            Fire/Tmut/Pois 3%         N/A       88%         3
 Confusing Touch          Hex            2%         N/A       94%         3
 Conjure Flame            Conj/Fire      2%         6-21      94%         3
 Dazzling Flash           Conj/Hex       4%         N/A       94%         3
 Frozen Ramparts          Ice            4%         1d2       94%         3
 Inner Flame              Hex/Fire       2%         N/A       94%         3
 Ozocubu's Armour         Ice            2%         N/A       94%         3
 Stone Arrow              Conj/Erth      4%         3d7       94%         3
 Swiftness                Air            2%         N/A       94%         3
 Vampiric Draining        Necr           2%         2d6       94%         3
 Ice Form                 Ice/Tmut       3%         N/A       99%         4
 Iskenderun's Mystic Bla  Conj/Tloc      3%         2d3       99%         4
 Airstrike                Air            1%         N/A       100%        4
 Cause Fear               Hex            1%         N/A       100%        4
 Dispel Undead            Necr           2%         3d7       100%        4
 Flame Wave               Conj/Fire      2%         2d4       100%        4
 Fulminant Prism          Conj/Hex       1%         3d6       100%        4
 Hailstorm                Conj/Ice       2%         3d3       100%        4
 Leda's Liquefaction      Hex/Erth       1%         N/A       100%        4
 Olgreb's Toxic Radiance  Pois           2%         N/A       100%        4
 Sticky Flame             Conj/Fire      2%         2d3       100%        4
 Agony                    Necr           2%         N/A       100%        5
 Alistair's Intoxication  Tmut/Pois      2%         N/A       100%        5
 Blade Hands              Tmut           2%         N/A       100%        5
 Fireball                 Conj/Fire      1%         3d3       100%        5
 Freezing Cloud           Conj/Ice/Air   1%         6-21      100%        5
 Lee's Rapid Deconstruct  Erth           1%         3d5*      100%        5
 Metabolic Englaciation   Hex/Ice        1%         N/A       100%        5
 Conjure Ball Lightning   Conj/Air       1%         3x3d6     100%        6
 Iron Shot                Conj/Erth      1%         9d1       100%        6
 Starburst                Conj/Fire      1%         6d3       100%        6
 Statue Form              Tmut/Erth      2%         N/A       100%        6
 Orb of Destruction       Conj           1%         N/A       100%        7
 Ozocubu's Refrigeration  Ice            1%         4d5       100%        7
 Borgnjor's Revivificati  Necr           1%         N/A       100%        8
 Discord                  Hex            1%         N/A       100%        8
 Disjunction              Tloc           2%         N/A       100%        8
 Ignition                 Fire           1%         3d3       100%        8
 Lehudib's Crystal Spear  Conj/Erth      1%         10d2      100%        8
 Chain Lightning          Conj/Air       1%         3d1       100%        9
 Fire Storm               Conj/Fire      1%         7d1       100%        9
 Shatter                  Erth           1%         3d5*      100%        9
 Animate Skeleton         Necr           Unusable   N/A       N/A         1
 Summon Small Mammal      Summ           Unusable   N/A       N/A         1
 Call Canine Familiar     Summ           Unusable   N/A       N/A         3
 Summon Guardian Golem    Hex/Summ       Unusable   N/A       N/A         3
 Animate Armour           Summ/Erth      Unusable   N/A       N/A         4
 Animate Dead             Necr           Unusable   N/A       N/A         4
 Summon Ice Beast         Ice/Summ       Unusable   N/A       N/A         4
 Summon Forest            Summ/Tloc      Unusable   N/A       N/A         5
 Simulacrum               Ice/Necr       Unusable   N/A       N/A         6
 Summon Cactus Giant      Summ           Unusable   N/A       N/A         6
 Haunt                    Necr/Summ      Unusable   N/A       N/A         7
 Spellforged Servitor     Conj/Summ      Unusable   N/A       N/A         7
 Summon Hydra             Summ           Unusable   N/A       N/A         7
 Summon Horrible Things   Summ           Unusable   N/A       N/A         8
 Dragon's Call            Summ           Unusable   N/A       N/A         9

Dungeon Overview and Level Annotations

Branches:
Dungeon (15/15)            Temple (1/1) D:5            Lair (6/6) D:9
  Swamp (4/4) Lair:2        Snake (4/4) Lair:3        Slime (0/5) Lair:6
    Orc (2/2) D:10            Elf (3/3) Orc:2        Vaults (5/5) D:13
  Crypt (0/3) Vaults:2     Depths (4/4) D:15            Zot (5/5) Depths:4
  IceCv (visited)          WizLab (visited)         Desolation (visited)
Gauntlet (visited)

Altars:
Ashenzari
Cheibriados
Dithmenos
Elyvilon
Fedhas
Gozag
Hepliaklqana
Kikubaaqudgha
Makhleb
Nemelex Xobeh
Okawaru
Qazlal
Ru
Sif Muna
Trog
Uskayaw
Vehumet
Wu Jian
Xom
Yredelemnul
Zin
The Shining One
Beogh
Jiyva

Shops:
D:3 *   D:14 *   Orc:1 *   Orc:2 (*[=   Elf:2 (   Vaults:2 [   Vaults:4 [
Depths:1 [   Depths:2 *?!(   Depths:3 =

Portals:
Hell: Lair:6 Depths:1 Depths:2 Depths:3 Depths:4
Abyss: Depths:2 Depths:3 Depths:4
Pandemonium: Depths:2
Ziggurat: Depths:2

Annotations:
Vaults:1 8 runed translucent doors, Ukiefoc's ghost, adept DrFE
Depths:3 1 runed translucent door
Depths:4 6 runed translucent doors


Innate Abilities, Weirdness & Mutations

You have a pair of horns on your head.
You reflexively headbutt those who attack you in melee.
You are robust. (+10% HP)
Your muscles are strong. (Str +2)
You passively dampen the noise of your surroundings.


Message History

There is a stone staircase leading up here.
You fly upwards.
There is a stone staircase leading down here.
A toenail golem comes into view.
The toenail golem moves out of view.
You see here a +0 broad axe.
A pandemonium lord and a large abomination come into view.
There is a stone staircase leading up here.
You fly upwards.
There is a stone staircase leading down here.
A soul eater comes into view.
You can't go up here!
Blink to where?
Press: ? - help, Dir - move target, f - you
Okay, then.
As you read the scroll of teleportation, it crumbles to dust.
You feel strangely unstable.
You feel the Orb delaying your translocation!
Cleave: G) +9 broad axe (flame)
Press: ? - help, Dir - move target, f - you
Okay, then.
The soul eater draws from the surrounding life force!
The soul eater draws from the surrounding life force!
Your surroundings suddenly seem different.
There is a stone staircase leading up here.
You fly upwards.
There is a stone staircase leading down here.
There is a stone staircase leading up, spattered with blood here.
You fly upwards.
There is a stone staircase leading down here.
You see here a +0 club.
There is a stone staircase leading up here.
You fly upwards.
There is a stone staircase leading down here.
There is an open door here.
There is a stone staircase leading up here.
You fly upwards.
There is a stone staircase leading down here.
There is a staircase leading out of the dungeon here.
You have escaped!

...#
#P...P# #
##.#
##...## #
#.#
#P...P# #
#.#
##...## #
#.######
#P.P.P# #
#......#
##.P.## #
##......#
#P...P#
##......#
##...##
##......#
#.@.#
.#......#
#####
.#......#
........#
#.......#
#.......#
##>.....#
#......#
#......#


There were no monsters in sight!

Vanquished Creatures
  4 dread liches
  4 orbs of fire
  2 ancient liches
  A juggernaut (Depths:3)
  Bai Suzhen (Vaults:5)
  Vashnia (Snake:4)
  9 Killer Klowns
  3 curse toes (Zot:4)
  4 caustic shrikes (Depths:4)
  14 golden dragons
  2 bone dragons
  A Hellbinder (WizLab)
  4 electric golems
  18 tentacled monstrosities
  4 liches
  Rupert (Lair:5)
  Asterion (Vaults:1)
  26 Orb Guardians
  7 quicksilver dragons
  5 titans
  A walking divine tome (Depths:3)
  A walking frostbound tome (Depths:3)
  3 deep elf blademasters
  2 deep elf master archers (Elf:3)
  The ghost of Wyry the Warrior, an adept FoFi of Okawaru (Depths:1)
  17 death cobs
  7 shadow dragons
  A thorn hunter (Swamp:3)
  12 sphinxes
  18 storm dragons
  7 tengu reavers
  4 fenstrider witches
  12 draconian monks
  An ancient champion (Depths:3)
  4 nagarajas
  13 fire giants
  5 iron dragons
  6 draconian knights
  2 orc warlords
  5 ghost moths
  4 frost giants
  3 imperial myrmidons (Desolation)
  4 deep elf elementalists
  17 vault wardens
  7 deep elf sorcerers
  Aizul (Snake:4)
  8 draconian scorchers
  2 balrugs
  5 draconian shifters
  Louise (Depths:3)
  8 draconian stormcallers
  A ghoul (Vaults:2)
  8 draconian annihilators
  7 ironbound thunderhulks
  A reaper (IceCv)
  2 spriggan defenders (Depths:2)
  21 stone giants
  43 very ugly things
  18 ironbound preservers
  5 war gargoyles
  A demonspawn black sun (WizLab)
  A vampire knight (Depths:1)
  15 green draconians
  9 deep elf annihilators
  10 deep elf demonologists
  A lorocyproca (WizLab)
  13 purple draconians
  17 black draconians
  The ghost of Japrukh the Cleaver, a journeyman DDEE of Makhleb (Lair:2)
  11 dire elephants
  6 eleionomae
  5 bunyips
  4 entropy weavers
  22 white draconians
  17 red draconians
  A minotaur (Gauntlet)
  17 yellow draconians
  Snorg (Lair:5)
  11 deep elf death magi
  9 ettins
  Josephine (Lair:5)
  A blizzard demon (WizLab)
  5 ragged hierophants
  7 fire dragons
  A fire dragon (shapeshifter) (Gauntlet)
  A green death (WizLab)
  4 crystal guardians
  2 spectral golden dragons (Depths:1)
  7 deep elf high priests
  4 shambling mangroves (Swamp:4)
  A caustic shrike simulacrum (Depths:1)
  4 rakshasas
  11 ice dragons
  The ghost of Zonian the Destroyer, a journeyman DrCj of Gozag (Lair:1)
  Harold (Lair:1)
  12 great orbs of eyes
  4 peacekeepers
  16 yaktaur captains
  40 vault guards
  4 hell beasts
  7 servants of whispers (Desolation)
  A spectral tengu (Depths:1)
  18 naga warriors
  4 ironbound frosthearts
  13 centaur warriors
  5 salamander tyrants
  3 ogre magi
  A spectral sphinx (Depths:1)
  Erica (Lair:2)
  16 two-headed ogres
  2 ghost crabs
  6 boulder beetles
  9 spriggan air magi
  5 alligators
  28 hydras
  15 anacondas
  3 deep troll shamans
  27 dancing weapons
  9 deep troll earth magi
  A tengu warrior (D:14)
  21 naga sharpshooters
  A vampire mage (Depths:2)
  2 spriggan berserkers
  Urug (Lair:2)
  3 shock serpents
  4 orc high priests
  20 hell knights
  Sonja (Lair:5)
  Nergalle (D:12)
  20 deep elf knights
  6 iron trolls
  2 sun demons
  2 sixfirhies
  5 salamander mystics (Snake:3)
  A death drake (shapeshifter) (Vaults:5)
  A shadow wraith (Vaults:5)
  9 skeletal warriors
  A shadow demon (WizLab)
  3 spriggan druids
  A glowing orange brain (Depths:1)
  8 sea snakes
  A steelbarb worm (shapeshifter) (Elf:3)
  3 flayed ghosts
  2 goliath frogs (Swamp:2)
  58 deep trolls
  9 bog bodies
  11 deep elf archers
  7 swamp dragons
  3 naga ritualists
  18 ironbound convokers
  An orange crystal statue (Elf:3)
  5 lindwurms
  10 wizards
  Pikel (D:8)
  An oklob plant (Lair:4)
  7 harpies
  5 phantasmal warriors
  7 orc knights
  9 mana vipers
  A mana viper (shapeshifter) (Vaults:5)
  49 ugly things
  31 deep elf pyromancers
  29 deep elf zephyrmancers
  35 moths of wrath
  3 necromancers
  5 orc sorcerers
  A will-o-the-wisp (Swamp:4)
  A wolf spider (shapeshifter) (Vaults:4)
  29 black mambas
  8 elephants
  4 rust devils (WizLab)
  7 cyclopes
  2 manticores (D:12)
  21 naga magi
  17 salamanders
  6 guardian serpents
  2 ice statues (IceCv)
  2 smoke demons (WizLab)
  A molten gargoyle (Desolation)
  A water nymph (shapeshifter) (Elf:2)
  9 vault sentinels
  11 cane toads
  6 orange demons
  2 torpor snails
  An eye of devastation (shapeshifter) (Vaults:5)
  8 rime drakes
  2 tormentors (WizLab)
  3 efreet
  30 yaktaurs
  Maggie (D:6)
  A kobold demonologist (D:9)
  A hellion (Gauntlet)
  7 komodo dragons
  9 ice devils
  A spectral glowing shapeshifter (Depths:1)
  An anaconda simulacrum (IceCv)
  3 hellwings
  2 tengu conjurers (Depths:4)
  A meliai (shapeshifter) (D:13)
  A silent spectre (Vaults:3)
  2 entropy weaver simulacra (IceCv)
  A troll (shapeshifter) (Elf:2)
  3 meliai (D:13)
  3 red devils (WizLab)
  5 polar bears
  A shadow dragon simulacrum (Depths:1)
  A hornet (shapeshifter) (Gauntlet)
  Grinder (D:4)
  4 trolls
  12 blink frogs
  12 hornets
  A tengu simulacrum (Depths:1)
  2 sphinx simulacra (Depths:1)
  A tarantella (Vaults:3)
  3 tyrant leeches
  A dream sheep (shapeshifter) (Vaults:5)
  38 saltlings
  A slime creature (shapeshifter) (Vaults:5)
  29 slime creatures
  5 dream sheep (Lair:5)
  A culicivora (shapeshifter) (Vaults:5)
  5 flying skulls (Gauntlet)
  A culicivora (Vaults:3)
  A jumping spider (Vaults:4)
  Sigmund (D:3)
  10 spriggans
  2 ynoxinuls (WizLab)
  2 air elementals
  2 spriggans (shapeshifter)
  6 water elementals
  11 wraiths
  11 wyverns
  2 steam dragons
  42 yaks
  2 fire elementals
  11 basilisks
  Grum (D:8)
  2 neqoxecs (WizLab)
  5 redbacks
  17 vampire mosquitoes
  2 chaos spawn (WizLab)
  2 harpy simulacra (IceCv)
  5 wargs
  14 swamp worms
  76 nagas
  3 acid dragons
  15 water moccasins
  5 hell hounds
  2 sky beasts
  11 swamp drakes
  38 orc warriors
  A hornet zombie (D:7)
  5 black bears
  A black bear (shapeshifter) (Elf:2)
  3 ice beasts
  A necrophage (D:7)
  10 wolves
  9 ogres
  11 boggarts
  15 centaurs
  A phantom (D:6)
  An earth elemental (Elf:2)
  3 gnoll sergeants
  10 bullfrogs
  2 glowing shapeshifter simulacra (Depths:1)
  3 two-headed ogre simulacra (IceCv)
  5 scorpions
  A cane toad simulacrum (IceCv)
  A wyvern skeleton (D:7)
  An elephant simulacrum (IceCv)
  10 killer bees
  An electric eel (Lair:3)
  4 howler monkeys
  4 wights (D:8)
  6 centaur zombies
  2 jellies
  5 hounds (D:5)
  A gnoll shaman (D:7)
  17 orc priests
  Crazy Yiuf (D:4)
  3 iguanas
  23 orc wizards
  6 hell rats (Lair:5)
  A polar bear simulacrum (IceCv)
  2 spriggan simulacra (IceCv)
  2 troll simulacra (IceCv)
  A wolf simulacrum (IceCv)
  2 killer bee zombies
  3 howler monkey zombies
  A howler monkey skeleton (D:3)
  An adder (shapeshifter) (Gauntlet)
  8 gnolls
  2 adders
  A naga simulacrum (IceCv)
  A shadow imp (D:7)
  6 white imps
  An ufetubus (IceCv)
  A dart slug (D:1)
  68 orcs
  5 bats
  13 endoplasms
  9 giant cockroaches
  12 hobgoblins
  6 jackals
  8 kobolds
  3 quokkas
  8 ball pythons
  4 frilled lizards
  6 goblins
  A quokka skeleton (D:4)
  6 rats
2282 creatures vanquished.

Vanquished Creatures (others)
  A dread lich (Zot:5)
  A vault warden (Vaults:5)
  A deep elf sorcerer (Vaults:3)
  A bloated husk (Swamp:4)
  2 hornets (Swamp:4)
  A naga (Snake:2)
  A boggart (Vaults:3)
  An orc priest (Orc:1)
  3 foxfires (Swamp:4)
  58 fungi
  86 plants
  A withered plant (Gauntlet)
157 creatures vanquished.

Grand Total: 2439 creatures vanquished

Notes
Turn   | Place    | Note
-------+----------+-------------------------------------------
     0 | D:1      | r3xj the Minotaur Fighter began the quest for the Orb.
     0 | D:1      | Reached XP level 1. HP: 19/19 MP: 0/0
   119 | D:1      | Reached XP level 2. HP: 18/27 MP: 1/1
   432 | D:1      | Found a faded altar of an unknown god.
   680 | D:1      | Reached XP level 3. HP: 33/33 MP: 2/2
  2139 | D:3      | Reached XP level 4. HP: 41/41 MP: 3/3
  2183 | D:3      | Found Imigirch's General Store.
  2360 | D:3      | Bought 3 scrolls of identify for 60 gold pieces
  2360 | D:3      | Bought a scroll of fog for 20 gold pieces
  2598 | D:3      | Noticed Sigmund
  2614 | D:3      | Killed Sigmund
  2615 | D:3      | Reached skill level 5 in Fighting
  2615 | D:3      | Reached skill level 5 in Maces & Flails
  2615 | D:3      | Reached skill level 5 in Armour
  2615 | D:3      | Reached XP level 5. HP: 26/48 MP: 4/4
  2929 | D:3      | Bought a scroll of teleportation for 30 gold pieces
  2963 | D:4      | Reached XP level 6. HP: 53/56 MP: 5/5
  3024 | D:4      | Noticed an orc warrior
  3544 | D:4      | Found a runed translucent door.
  3545 | D:4      | Noticed Crazy Yiuf
  3604 | D:4      | Noticed Grinder
  3617 | D:4      | Killed Grinder
  3618 | D:4      | Reached XP level 7. HP: 50/63 MP: 6/6
  4549 | D:4      | Killed Crazy Yiuf
  4605 | D:5      | Entered Level 5 of the Dungeon
  4627 | D:5      | You fall into a shaft and drop 2 floors!
  4654 | D:7      | Reached XP level 8. HP: 73/73 MP: 7/7
  4848 | D:5      | Found a staircase to the Ecumenical Temple.
  4906 | D:5      | Reached skill level 10 in Maces & Flails
  5106 | D:5      | Found the +4 skin of Zhor {*Englaciate rC+++ SInv}
  5707 | Temple   | Entered the Ecumenical Temple
  5880 | Temple   | Became a worshipper of Warmaster Okawaru
  6313 | D:6      | Reached XP level 9. HP: 81/82 MP: 8/8
  6753 | D:6      | Reached * piety under Okawaru
  6955 | D:6      | Noticed Maggie
  6966 | D:6      | Killed Maggie
  7120 | D:6      | Reached skill level 1 in Axes
  7720 | D:7      | Reached ** piety under Okawaru
  7721 | D:7      | Reached skill level 10 in Fighting
  7859 | D:7      | Found a sacrificial altar of Ru.
  7907 | D:7      | Reached skill level 5 in Axes
  8287 | D:8      | Noticed Grum
  8301 | D:8      | Killed Grum
  8305 | D:8      | Reached XP level 10. HP: 68/94 MP: 6/9
  9268 | D:8      | Reached *** piety under Okawaru
  9389 | D:8      | Received a gift from Okawaru
  9955 | D:9      | Noticed a two-headed ogre
 10074 | D:9      | Noticed Pikel
 10074 | D:9      | Found a runed translucent door.
 10074 | D:9      | Noticed a two-headed ogre
 10083 | D:8      | Killed Pikel
 10089 | D:9      | Noticed a two-headed ogre
 10099 | D:8      | Killed a two-headed ogre
 10100 | D:8      | Reached skill level 10 in Axes
 10408 | D:9      | Killed a two-headed ogre
 10581 | D:9      | Found a staircase to the Lair.
 10609 | D:9      | Reached **** piety under Okawaru
 10610 | D:9      | Reached XP level 11. HP: 81/104 MP: 8/10
 10616 | D:9      | Killed a two-headed ogre
 10903 | D:9      | Found a burning altar of Makhleb.
 10903 | D:9      | Noticed a sixfirhy
 11155 | D:9      | Reached ***** piety under Okawaru
 11187 | D:9      | Noticed a two-headed ogre
 11193 | D:9      | Killed a two-headed ogre
 11208 | D:9      | Noticed a skeletal warrior
 11410 | D:9      | Killed a skeletal warrior
 11828 | D:10     | Entered Level 10 of the Dungeon
 11960 | D:9      | Identified the +9 rapier "Xeapp" {antimagic, rCorr Dex+2}
                  | (Okawaru gifted it to you on level 9 of the Dungeon)
 11960 | D:9      | Received a gift from Okawaru
 12218 | D:10     | Noticed a two-headed ogre
 12225 | D:10     | Killed a two-headed ogre
 12562 | D:10     | Found a staircase to the Orcish Mines.
 12821 | D:10     | Reached XP level 12. HP: 104/116 MP: 11/11
 13157 | D:11     | Received a gift from Okawaru
 13177 | D:11     | Found a gate leading to a gauntlet.
 13284 | Gauntlet | Entered a Gauntlet
 13284 | Gauntlet | Found a transporter.
 13284 | Gauntlet | Found a transporter.
 13296 | Gauntlet | Found a transporter.
 13314 | Gauntlet | Found a transporter.
 13314 | Gauntlet | Found a transporter.
 13314 | Gauntlet | Found a transporter.
 13316 | Gauntlet | Found a transporter.
 13316 | Gauntlet | Found a transporter.
 13319 | Gauntlet | Noticed a four-headed hydra
 13331 | Gauntlet | Found a transporter.
 13344 | Gauntlet | Found a transporter.
 13353 | Gauntlet | Found a runed translucent gate.
 13354 | Gauntlet | Found a transporter.
 13354 | Gauntlet | Found a runed translucent gate.
 13355 | Gauntlet | Found a runed translucent gate.
 13368 | Gauntlet | Found a transporter.
 13388 | Gauntlet | Found a transporter.
 13401 | Gauntlet | Found a transporter.
 13448 | Gauntlet | Reached skill level 15 in Axes
 13506 | Gauntlet | Identified the ring of Pajusef {rElec Will+ AC+4}
 13542 | Gauntlet | Received a gift from Okawaru
 13565 | Gauntlet | Noticed a fire dragon
 13571 | Gauntlet | Killed a fire dragon
 13826 | Gauntlet | Identified the ring of Law {Fly rElec rC+ MP+9}
 13901 | Gauntlet | Noticed a minotaur
 13912 | Gauntlet | Killed a minotaur
 13914 | Gauntlet | Got the Incunabulum of the Compass and Cold
 14298 | D:11     | Noticed a two-headed ogre
 14304 | D:11     | Killed a two-headed ogre
 14580 | D:11     | Noticed a seven-headed hydra
 14588 | D:11     | Killed a four-headed hydra
 14939 | D:12     | Noticed Nergalle
 14955 | D:12     | Killed Nergalle
 14959 | D:12     | Noticed a six-headed hydra
 14967 | D:12     | Killed a one-headed hydra
 14968 | D:12     | Reached skill level 15 in Fighting
 14978 | D:12     | Noticed a boulder beetle
 14987 | D:12     | Killed a boulder beetle
 15041 | D:12     | Found a frozen archway.
 15047 | IceCv    | Entered an ice cave
 15710 | IceCv    | Noticed a reaper
 15728 | IceCv    | Killed a reaper
 15739 | IceCv    | Reached XP level 13. HP: 33/130 MP: 8/12
 16101 | IceCv    | Identified the +5 shortbow of Tikotodo {vorpal, Str+3}
 16712 | D:12     | Identified the ring "Fafruaz" {rPois rF+ rN+ Dex+6}
 17916 | D:12     | Identified the +3 robe "Pimal" {rF+ Str+3}
 18549 | D:13     | Identified the +2 longbow of the Desolation of Salt {flame,
                  | Fly rN+} (Okawaru gifted it to you on level 13 of the
                  | Dungeon)
 18549 | D:13     | Received a gift from Okawaru
 19127 | D:13     | Found a gate to the Vaults.
 19142 | D:13     | Reached ****** piety under Okawaru
 19676 | D:13     | Received a gift from Okawaru
 20127 | D:13     | Reached skill level 1 in Dodging
 20223 | D:13     | Reached skill level 1 in Invocations
 20509 | Lair:1   | Entered Level 1 of the Lair of Beasts
 20519 | Lair:1   | Reached XP level 14. HP: 144/148 MP: 14/14
 20641 | Lair:1   | Found a runed translucent gate.
 20782 | Lair:1   | Found a runed translucent gate.
 21000 | Lair:1   | Found a runed translucent gate.
 21057 | Lair:1   | Noticed Harold
 21073 | Lair:1   | Killed Harold
 21279 | Lair:1   | Noticed Zonian's ghost (journeyman DrCj)
 21414 | Lair:1   | Found a viscous altar of Jiyva.
 21433 | Lair:1   | Killed Zonian's ghost
 21744 | Lair:2   | Noticed Japrukh's ghost (journeyman DDEE)
 21754 | Lair:2   | Found a bloodstained altar of Trog.
 21815 | Lair:2   | Found a transporter.
 21895 | Lair:2   | Found a staircase to the Swamp.
 21895 | Lair:2   | Noticed Erica
 21904 | Lair:2   | Killed Erica
 22144 | Lair:2   | Noticed Urug
 22162 | Lair:2   | Killed Urug
 22541 | Lair:2   | Found a transporter.
 22855 | Lair:2   | Killed Japrukh's ghost
 22864 | Lair:2   | Reached skill level 5 in Dodging
 23514 | Lair:3   | Identified the +5 great mace of Lorriub {venom, *Rage Will+
                  | SInv} (Okawaru gifted it to you on level 3 of the Lair of
                  | Beasts)
 23514 | Lair:3   | Received a gift from Okawaru
 23627 | Lair:3   | Reached skill level 5 in Invocations
 23650 | Lair:3   | Found a staircase to the Snake Pit.
 25494 | Lair:5   | Noticed Sonja
 25503 | Lair:5   | Received a gift from Okawaru
 25519 | Lair:5   | Killed Sonja
 25680 | Lair:5   | Noticed Snorg
 25692 | Lair:5   | Killed Snorg
 25902 | Lair:5   | Noticed Josephine
 25909 | Lair:5   | Killed Josephine
 26041 | Lair:5   | Noticed Rupert
 26048 | Lair:5   | Killed Rupert
 26244 | Lair:5   | Reached XP level 15. HP: 148/155 MP: 15/19
 26594 | Lair:5   | Reached skill level 10 in Armour
 26626 | Lair:5   | Received a gift from Okawaru
 27236 | Lair:6   | Entered Level 6 of the Lair of Beasts
 27421 | Lair:6   | Found a viscous altar of Jiyva.
 27422 | Lair:6   | Found a staircase to the Slime Pits.
 27441 | Lair:6   | Got the Reference Book on Cold
 28198 | Lair:6   | Found a burning altar of Makhleb.
 28211 | Lair:6   | Received a gift from Okawaru
 28377 | Lair:6   | Found a gateway to Hell.
 28384 | Lair:6   | Identified the ring "Iplor" {+Blink AC+4 Str+4 Stlth+}
 28673 | Orc:1    | Entered Level 1 of the Orcish Mines
 28838 | Orc:2    | Entered Level 2 of the Orcish Mines
 29101 | Orc:2    | Noticed an orc warlord
 29112 | Orc:2    | Killed an orc warlord
 29134 | Orc:2    | Reached skill level 10 in Dodging
 29158 | Orc:2    | Found Luuhy's Antique Weapon Shop.
 29160 | Orc:2    | Found Cutoit's General Store.
 29298 | Orc:2    | Found Cayloibbi's Antique Armour Shop.
 29396 | Orc:2    | Found a staircase to the Elven Halls.
 29524 | Orc:2    | Found Lenoj's Jewellery Shop.
 30126 | Orc:1    | Found Atuon's Assorted Antiques.
 30155 | Orc:1    | Bought a scroll of identify for 58 gold pieces
 30155 | Orc:1    | Bought a scroll labelled ROHOGO DEAR for 29 gold pieces
 30339 | Swamp:1  | Entered Level 1 of the Swamp
 30410 | Swamp:1  | Reached skill level 5 in Shields
 31227 | Swamp:1  | Received a gift from Okawaru
 31321 | Swamp:2  | Noticed a fenstrider witch
 31322 | Swamp:2  | Paralysed by a fenstrider witch for 5 turns
 31337 | Swamp:2  | Killed a fenstrider witch
 31338 | Swamp:2  | Reached XP level 16. HP: 63/162 MP: 12/21
 32043 | Swamp:2  | Reached skill level 10 in Shields
 32821 | Swamp:3  | Noticed a thorn hunter
 32836 | Swamp:3  | Killed a thorn hunter
 33160 | Swamp:3  | Identified a scroll of acquirement
 33162 | Swamp:3  | Acquired 424 gold pieces
 33185 | Swamp:4  | Entered Level 4 of the Swamp
 33655 | Swamp:4  | Received a gift from Okawaru
 33674 | Swamp:4  | Paralysed by a fenstrider witch for 3 turns
 33680 | Swamp:4  | Paralysed by a fenstrider witch for 2 turns
 34021 | Swamp:3  | Upgraded the game from 0.28-a0-1235-g7c8fac35f0 to
                  | 0.28-a0-1236-gb25a51b929
 34909 | Swamp:4  | Got a decaying rune of Zot
 35378 | Swamp:4  | Found an ornate altar of the Wu Jian Council.
 35454 | Swamp:4  | Noticed a tentacled monstrosity
 35477 | Swamp:4  | Killed a tentacled monstrosity
 35852 | Snake:1  | Entered Level 1 of the Snake Pit
 36219 | Snake:1  | Received a gift from Okawaru
 36592 | Snake:1  | Reached XP level 17. HP: 43/171 MP: 15/22
 37117 | Snake:1  | Reached skill level 15 in Shields
 39257 | Snake:2  | Received a gift from Okawaru
 39257 | Snake:2  | Found the +6 shillelagh "Devastator" {shatter}
 40060 | Snake:3  | Upgraded the game from 0.28-a0-1236-gb25a51b929 to
                  | 0.28-a0-1286-g6bde065e89
 40471 | Snake:3  | Identified the +3 scale mail of Veaxt {rC+} (Okawaru gifted
                  | it to you on level 3 of the Snake Pit)
 40471 | Snake:3  | Received a gift from Okawaru
 41280 | Snake:4  | Entered Level 4 of the Snake Pit
 41286 | Snake:4  | Reached skill level 15 in Armour
 41787 | Snake:4  | Reached XP level 18. HP: 169/184 MP: 23/23
 42367 | Snake:4  | Received a gift from Okawaru
 42536 | Snake:4  | Got a serpentine rune of Zot
 42811 | Snake:4  | Noticed Aizul
 42825 | Snake:4  | Killed Aizul
 42829 | Snake:4  | Noticed Vashnia
 43614 | Snake:4  | Killed Vashnia
 44596 | Elf:1    | Entered Level 1 of the Elven Halls
 44709 | Elf:1    | Found a crumbling gateway.
 44714 | Desolati | Entered the Desolation of Salt
 44975 | Desolati | Identified the ring of Gynos {rElec Will+ Dex+2 SInv
                  | Stlth+}
 45064 | Desolati | Received a gift from Okawaru
 45410 | Desolati | Identified the ring "Hohittun" {rF+ Int+4 Dex+6}
 45564 | Desolati | Identified the amulet "Biffostri" {Spirit Fragile rPois rF+
                  | rC+}
 45968 | Elf:1    | Noticed a Brimstone Fiend
 46018 | Elf:1    | Reached skill level 15 in Dodging
 46595 | Elf:1    | Reached XP level 19. HP: 195/195 MP: 24/24
 46604 | Elf:1    | Found a radiant altar of Vehumet.
 47094 | Elf:2    | Acquired the +0 cloak "Icekell" {Rampage rPois Will+}
 47284 | Elf:2    | Identified the +2 scale mail of Okawaru's Grace {Harm *Slow
                  | rElec Str+3} (Okawaru gifted it to you on level 2 of the
                  | Elven Halls)
 47284 | Elf:2    | Received a gift from Okawaru
 47612 | Elf:2    | Paralysed by an air elemental for 1 turns
 47901 | Elf:2    | Found Uwurotu's Weapon Emporium.
 47970 | Elf:2    | Identified the +3 short sword of Ru's Whim {speed, *Slow
                  | rElec rC+ Dex+6}
 48146 | Elf:2    | Found a runed translucent gate.
 48146 | Elf:2    | Found a runed translucent gate.
 48146 | Elf:2    | Found a runed translucent gate.
 48363 | Elf:2    | HP: 8/195 [+3 vorpal glaive (2)]
 49610 | Elf:3    | Entered Level 3 of the Elven Halls
 49799 | Elf:3    | Identified the ring of the Cuttlefish {rN+ Int+6}
 49815 | Elf:3    | Identified the +0 pair of gloves "Sarghow" {Str+3} (Okawaru
                  | gifted it to you on level 3 of the Elven Halls)
 49815 | Elf:3    | Received a gift from Okawaru
 50075 | Elf:3    | Identified the +5 quick blade "Tisol" {protect, rF+ Int+4}
 50075 | Elf:3    | Identified the amulet of Keda {Reflect -Tele rF++ Int+3
                  | Dex+3 SH+5}
 50624 | Elf:3    | Identified the -1 kite shield "Weolan" {rF++ Str+4 Dex-4}
 51034 | Elf:3    | Identified the +7 glaive "Hew Fucwad" {elec, rF+ Will+}
 51142 | Elf:3    | Got the Grimoire of the Displaced Frostbite
 51367 | Elf:3    | Got Pikony's Disquisition on Twisted Ignition
 51398 | Elf:3    | Reached XP level 20. HP: 206/206 MP: 25/25
 51657 | Elf:3    | Received a gift from Okawaru
 52166 | Elf:3    | Identified the +5 arbalest "Backscratcher" {flame, Str+5
                  | SInv}
 52465 | Vaults:1 | Entered Level 1 of the Vaults
 52773 | Vaults:1 | Noticed Asterion
 52796 | Vaults:1 | Killed Asterion
 53024 | Vaults:1 | Found a large runed translucent door.
 53024 | Vaults:1 | Found a large runed translucent door.
 53024 | Vaults:1 | Found a large runed translucent door.
 53024 | Vaults:1 | Found a large runed translucent door.
 53024 | Vaults:1 | Found a large runed translucent door.
 53024 | Vaults:1 | Found a large runed translucent door.
 53024 | Vaults:1 | Noticed Ukiefoc's ghost (adept DrFE)
 53025 | Vaults:1 | Found a large runed translucent door.
 53025 | Vaults:1 | Found a large runed translucent door.
 53106 | Vaults:1 | Received a gift from Okawaru
 54075 | Vaults:2 | Found Ykuseap's Armour Boutique.
 55078 | Vaults:2 | Received a gift from Okawaru
 55246 | Vaults:2 | Identified the +9 war axe "Hydra's Funeral" {flame, rF-
                  | Dex+4}
 55475 | Vaults:2 | Found a staircase to the Crypt.
 55889 | Vaults:2 | Identified the +0 pair of gloves of Fun and Games {rElec
                  | Regen+ Str-5} (Okawaru gifted it to you on level 2 of the
                  | Vaults)
 55889 | Vaults:2 | Received a gift from Okawaru
 56938 | Vaults:2 | Found a staircase to the Crypt.
 56996 | Vaults:2 | Found Ykuseap's Armour Boutique.
 57337 | Vaults:2 | Identified the +5 hunting sling of Fury {vorpal, Dex+2}
 57404 | Vaults:2 | Acquired the ring "Loumiyph" {Fly rC+ rN+ SInv Stlth+}
 57659 | Vaults:3 | Reached XP level 21. HP: 139/218 MP: 17/26
 59440 | Vaults:3 | Found a transporter.
 59551 | Vaults:3 | Found a transporter.
 59551 | Vaults:3 | Found a runed translucent door.
 59551 | Vaults:3 | Found a bloodstained altar of Trog.
 59551 | Vaults:3 | Found the +8 Wrath of Trog {antimagic, *Rage Rampage}
 59753 | Vaults:3 | Identified the +5 glaive "Coonlogy" {flame, Str+3 Int+2
                  | SInv}
 60343 | Vaults:3 | Received a gift from Okawaru
 60415 | Vaults:3 | Identified the +0 plate armour of Qiath {Int-2 Dex+4 SInv}
 60815 | Vaults:4 | Found a magical portal.
 60826 | Vaults:4 | Found Arefolit's Armour Emporium.
 60857 | WizLab   | Entered The Hall of the Hellbinder
 61544 | WizLab   | Noticed Naeng
 61548 | WizLab   | Found a burning altar of Makhleb.
 61558 | WizLab   | Killed Naeng the Hellbinder
 61641 | WizLab   | Identified the +2 cloak of Integrity {Regen+ Str-3 Dex-3
                  | Stlth+}
 61642 | WizLab   | Identified the ring "Qauf" {rC+ rN+ Will+}
 61675 | WizLab   | Identified the amulet of the Greedy {Acrobat rElec rPois
                  | Int-3 Stlth+}
 61791 | WizLab   | Got Zyuraoma's Catalogue of Calling
 61826 | WizLab   | Identified the -2 cloak of Vynuo {Int-5 Dex+5}
 61943 | Vaults:4 | Identified the +3 chain mail of the Centipede {Will- Dex+3
                  | SInv} (Okawaru gifted it to you on level 4 of the Vaults)
 61943 | Vaults:4 | Received a gift from Okawaru
 62604 | Vaults:4 | Reached XP level 22. HP: 210/231 MP: 23/27
 63289 | Vaults:5 | Entered Level 5 of the Vaults
 63289 | Vaults:5 | Noticed a golden dragon
 63563 | Vaults:4 | Killed a golden dragon
 63641 | Vaults:5 | Noticed Bai Suzhen
 63734 | Vaults:5 | Killed Bai Suzhen
 63735 | Vaults:5 | Reached skill level 27 in Fighting
 63846 | Vaults:5 | Received a gift from Okawaru
 63930 | Vaults:5 | Got a silver rune of Zot
 64374 | Vaults:5 | Got Ilisk's Disquisition on Stolen Souls
 64419 | Vaults:5 | Noticed a dread lich
 64430 | Vaults:5 | Killed a dread lich
 64887 | Vaults:5 | Noticed a golden dragon
 64904 | Vaults:5 | Killed a golden dragon
 65062 | Vaults:5 | Received a gift from Okawaru
 65884 | Vaults:5 | Identified the ring of Hojawn {rN+ rCorr}
 66217 | Vaults:5 | Noticed an ancient lich
 66403 | Vaults:5 | Killed an ancient lich
 67081 | Vaults:5 | Identified the ring "Donouso" {Fire rPois Str+3}
 67527 | Vaults:5 | Identified the +0 robe of Ytu Guek {Drain Int+2 Dex+3 SInv}
 67900 | D:14     | Found Sousoi's Assorted Antiques.
 67906 | D:14     | Reached XP level 23. HP: 240/240 MP: 28/28
 67924 | D:14     | Bought a scroll of blinking for 262 gold pieces
 68947 | D:15     | Entered Level 15 of the Dungeon
 69370 | D:15     | Found a staircase to the Depths.
 69810 | D:15     | Upgraded the game from 0.28-a0-1286-g6bde065e89 to
                  | 0.28-a0-1312-g71652a0310
 69813 | Depths:1 | Entered Level 1 of the Depths
 69850 | Depths:1 | Received a gift from Okawaru
 70320 | Depths:1 | Received a gift from Okawaru
 70368 | Depths:1 | Found Ryhuwkiw's Armour Shop.
 70486 | Depths:1 | Found a bloodstained altar of Trog.
 70618 | Depths:1 | Identified the +11 mace "Cougio" {pain, rC+ rCorr}
 70809 | Depths:1 | Found a hazy altar of Hepliaklqana.
 70933 | Depths:1 | Found a runed translucent gate.
 70934 | Depths:1 | Found a runed translucent gate.
 70935 | Depths:1 | Found a runed translucent gate.
 70936 | Depths:1 | Noticed a dread lich
 70937 | Depths:1 | Noticed Wyry's ghost (adept FoFi)
 71083 | Depths:1 | Killed a dread lich
 71129 | Depths:1 | Killed Wyry's ghost
 71270 | Depths:1 | Identified the ring "Kudif" {rF+ Slay+3}
 71342 | Depths:2 | Found Qocast's Assorted Antiques.
 71345 | Depths:2 | Found a one-way gate to the infinite horrors of the Abyss.
 71364 | Depths:2 | Found a one-way gateway to a ziggurat.
 71392 | Depths:2 | Reached skill level 27 in Armour
 71392 | Depths:2 | Found a one-way gate leading to the halls of Pandemonium.
 71406 | Depths:2 | Found Goirepic's Distillery.
 71473 | Depths:2 | Received a gift from Okawaru
 71475 | Depths:2 | Found a flickering gateway to a bazaar.
 71483 | Bazaar   | Entered a bazaar
 71671 | Bazaar   | Found Kogig's Armour Emporium.
 71674 | Bazaar   | Found Usakikas's General Store.
 71693 | Bazaar   | Found Jiuxte's Weapon Boutique.
 71720 | Bazaar   | Found Gigit Hebuu's Magic Scroll Shop.
 71728 | Bazaar   | Bought a scroll of blinking for 60 gold pieces
 71728 | Bazaar   | Bought a scroll of teleportation for 24 gold pieces
 71728 | Bazaar   | Bought 2 scrolls of blinking for 120 gold pieces
 71728 | Bazaar   | Bought a scroll of acquirement for 416 gold pieces
 71728 | Bazaar   | Found Geroxuos's Magic Scroll Boutique.
 71736 | Bazaar   | Bought a scroll of blinking for 82 gold pieces
 71736 | Bazaar   | Bought a scroll of blinking for 82 gold pieces
 71736 | Bazaar   | Bought a scroll of enchant armour for 82 gold pieces
 71756 | Bazaar   | Bought a +2 pair of gloves of infusion for 365 gold pieces
 71780 | Depths:2 | Acquired a manual of Invocations
 71823 | Depths:2 | Bought a potion of might for 80 gold pieces
 71823 | Depths:2 | Bought a potion of might for 80 gold pieces
 71929 | Depths:2 | You are sucked into a shaft and drop 2 floors!
 71929 | Depths:4 | Entered Level 4 of the Depths
 72309 | Depths:2 | Found Fysirgh's Magic Scroll Shoppe.
 72460 | Depths:2 | Bought a scroll of enchant armour for 127 gold pieces
 72724 | Depths:2 | Reached skill level 10 in Invocations
 73397 | Depths:2 | Identified the +5 scale mail of Pailaud {rF+ rC+ Int+3}
                  | (Okawaru gifted it to you on level 2 of the Depths)
 73397 | Depths:2 | Received a gift from Okawaru
 73422 | Depths:2 | Reached XP level 24. HP: 207/249 MP: 1/30
 73862 | Depths:2 | Found Axkeddiru's Weapon Boutique.
 74286 | Depths:3 | Noticed Louise
 74305 | Depths:3 | Killed Louise
 74692 | Depths:3 | Found Edesm's Jewellery Shop.
 75157 | Depths:3 | Noticed a juggernaut
 75170 | Depths:3 | Killed a juggernaut
 75995 | Depths:3 | Found a runed translucent door.
 75995 | Depths:3 | Found a glowing golden altar of the Shining One.
 76563 | Depths:4 | Reached XP level 25. HP: 257/257 MP: 31/31
 77782 | Depths:4 | Received a gift from Okawaru
 78216 | Depths:4 | Found a runed translucent door.
 78216 | Depths:4 | Found a runed translucent door.
 78437 | Depths:4 | Found a runed translucent door.
 78466 | Depths:4 | Reached skill level 27 in Dodging
 78649 | Depths:4 | Found a runed translucent door.
 78649 | Depths:4 | Found a runed translucent door.
 78780 | Depths:4 | Found a runed translucent door.
 78855 | Depths:4 | Found a gate to the Realm of Zot.
 79049 | Depths:4 | Received a gift from Okawaru
 79378 | Depths:4 | Acquired 992 gold pieces
 79451 | Zot:1    | Entered Level 1 of the Realm of Zot
 79562 | Zot:1    | Noticed an orb of fire
 79568 | Zot:1    | Gained mutation: You occasionally shout uncontrollably at
                  | your foes. [an orb of fire]
 79580 | Zot:1    | Killed an orb of fire
 79581 | Zot:1    | Reached XP level 26. HP: 38/266 MP: 0/31
 79592 | Zot:1    | HP: 11/266 [death cob (10)]
 80639 | Depths:4 | Found a runed translucent door.
 80644 | Depths:4 | Found a runed translucent door.
 80656 | Depths:4 | Found a runed translucent door.
 80687 | Depths:4 | Found a runed translucent door.
 80707 | Depths:4 | Found a runed translucent door.
 80727 | Depths:4 | Found a runed translucent door.
 80772 | Depths:4 | Found a gate to the Realm of Zot.
 82354 | Zot:1    | Received a gift from Okawaru
 83876 | Zot:2    | Received a gift from Okawaru
 85762 | Zot:3    | Received a gift from Okawaru
 87665 | Zot:4    | Noticed a dread lich
 87678 | Zot:4    | Killed a dread lich
 87688 | Zot:4    | Identified the +6 hand axe "Vatraaq" {speed, rElec rPois
                  | Str-5} (Okawaru gifted it to you on level 4 of the Realm of
                  | Zot)
 87688 | Zot:4    | Received a gift from Okawaru
 88626 | Zot:4    | Reached XP level 27. HP: 158/273 MP: 0/31
 90269 | Zot:5    | Entered Level 5 of the Realm of Zot
 90308 | Zot:5    | Reached skill level 5 in Spellcasting
 90742 | Zot:5    | Noticed a dread lich
 90766 | Zot:5    | Killed a dread lich
 90805 | Zot:5    | Noticed an orb of fire
 90825 | Zot:5    | Noticed an orb of fire
 90831 | Zot:5    | Gained mutation: Armour fits poorly on your strangely
                  | shaped body. [an orb of fire]
 92175 | Zot:5    | Noticed a dread lich
 92176 | Zot:5    | Gained mutation: You are occasionally teleported next to
                  | monsters. [an orb of fire]
 92185 | Zot:5    | Gained mutation: Your magical capacity is low. (-10% MP)
                  | [an orb of fire]
 92190 | Zot:5    | Killed an orb of fire
 92201 | Zot:5    | Killed a dread lich
 92358 | Zot:4    | Lost mutation: You are occasionally teleported next to
                  | monsters. [potion of mutation]
 92358 | Zot:4    | Lost mutation: Your magical capacity is low. (-10% MP)
                  | [potion of mutation]
 92358 | Zot:4    | Gained mutation: You tend to lose your temper in combat.
                  | [potion of mutation]
 92358 | Zot:4    | Gained mutation: Your body sometimes deteriorates upon
                  | taking damage. [potion of mutation]
 92358 | Zot:4    | Gained mutation: You passively dampen the noise of your
                  | surroundings. [potion of mutation]
 92358 | Zot:4    | Gained mutation: You are partially covered in iridescent
                  | scales. (AC +2) [potion of mutation]
 92359 | Zot:4    | Lost mutation: You tend to lose your temper in combat.
                  | [potion of mutation]
 92359 | Zot:4    | Lost mutation: Your body sometimes deteriorates upon taking
                  | damage. [potion of mutation]
 92359 | Zot:4    | Lost mutation: Armour fits poorly on your strangely shaped
                  | body. [potion of mutation]
 92359 | Zot:4    | Gained mutation: Your natural rate of healing is unusually
                  | fast. [potion of mutation]
 92380 | Zot:5    | Gained mutation: You frequently scream uncontrollably at
                  | your foes. [mutagenic glow]
 92397 | Zot:4    | Killed an orb of fire
 92398 | Zot:4    | Reached skill level 15 in Invocations
 92409 | Zot:4    | Gained mutation: Your magical capacity is low. (-10% MP)
                  | [mutagenic glow]
 92437 | Zot:4    | Gained mutation: You are weak. (Str -2) [mutagenic glow]
 93384 | Zot:5    | Reached skill level 10 in Spellcasting
 93449 | Zot:5    | Noticed an orb of fire
 93450 | Zot:5    | Noticed an ancient lich
 93468 | Zot:5    | Killed an ancient lich
 93469 | Zot:5    | Killed an orb of fire
 93469 | Zot:5    | Received a gift from Okawaru
 93629 | Zot:5    | Identified the +9 rapier of Loihebuf {antimagic, rElec
                  | Str+2 SInv}
 93678 | Zot:5    | Learned a level 2 spell: Wereblood
 93684 | Zot:5    | Learned a level 5 spell: Manifold Assault
 93888 | Zot:5    | Reached skill level 1 in Transmutations
 93895 | Zot:5    | Reached skill level 1 in Translocations
 93947 | Zot:5    | Lost mutation: Your magical capacity is low. (-10% MP)
                  | [potion of mutation]
 93947 | Zot:5    | Lost mutation: You are partially covered in iridescent
                  | scales. (AC +2) [potion of mutation]
 93947 | Zot:5    | Gained mutation: You tend to lose your temper in combat.
                  | [potion of mutation]
 93948 | Zot:5    | Lost mutation: You frequently scream uncontrollably at your
                  | foes. [potion of mutation]
 93948 | Zot:5    | Lost mutation: You tend to lose your temper in combat.
                  | [potion of mutation]
 93948 | Zot:5    | Gained mutation: Your spells are a little easier to cast,
                  | but a little less powerful. [potion of mutation]
 93949 | Zot:5    | Lost mutation: Your spells are a little easier to cast, but
                  | a little less powerful. [potion of mutation]
 93949 | Zot:5    | Lost mutation: You are weak. (Str -2) [potion of mutation]
 93949 | Zot:5    | Lost mutation: You occasionally shout uncontrollably at
                  | your foes. [potion of mutation]
 93949 | Zot:5    | Gained mutation: Your muscles are strong. (Str +2) [potion
                  | of mutation]
 93949 | Zot:5    | Lost mutation: Your natural rate of healing is unusually
                  | fast. [potion of mutation]
 93949 | Zot:5    | Gained mutation: You are robust. (+10% HP) [potion of
                  | mutation]
 94088 | Zot:5    | Got the Orb of Zot
 94367 | Depths:2 | Noticed Foyceegu the pandemonium lord
 94601 | D:6      | Noticed Liocs the pandemonium lord
 94734 | D:$      | Escaped with the Orb!

Illustrated notes

Levels and vault maps discovered:
D:1:      minmay_arrival_plants_in_alcoves, layout_basic,
          hellmonk_ecumenical_altar_leap_of_faith, minmay_misc_feat_square,
          minmay_tetromino_o2
D:2:      layout_basic
D:3:      layout_rooms, serial_shops, shop, columned_hall_lemuel, uniq_sigmund
D:4:      layout_rooms, grunt_ministairs_8, uniq_grinder,
          uniq_crazy_yiuf_cottage
D:5:      layout_basic, minmay_temple_entry_stoned_glass,
          minmay_increasing_density
D:6:      layout_layer_cave, st_stairs_11, uniq_maggie
D:7:      layout_basic, mainiacjoe_overflow_concentric_impassable
D:8:      layout_cave_pools, minmay_diced_spiral, uniq_grum
D:9:      layout_rooms, nzn_makhleb_speed_demon, due_lair_maze_entry_diamond,
          chequers_garden, nzn_random_ring, uniq_pikel
D:10:     layout_small_grid, david_orc_4
D:11:     layout_loops_ring, gauntlet_entry_generic
D:12:     layout_loops_ring, portal_ice_cave_entry_pillars_2,
          lightli_fourway_metalbox, uniq_nergalle
D:13:     layout_long_grid, erik_vaults_2, minmay_joined_circles
D:14:     layout_layer_cave, nrook_campfire, kennysheep_windowed_goal
D:15:     grunt_enter_depths_hoard, layout_stronghold
Temple:   regret_index_temple_chain_breaker
Lair:1:   layout_hall_layers, gammafunk_ghost_ooze, uniq_harold
Lair:2:   layout_regular_city, skrybe_swamp_entry_bodies,
          gammafunk_ghost_wrathful_warriors, uniq_erica, uniq_urug
Lair:3:   layout_gridlike, guppyfry_snake_entry_island, pond
Lair:4:   layout_regular_city, serial_bayou, serial_bayou_shore_b,
          serial_bayou_pond_a, serial_bayou_pond_a, serial_bayou_crossing
Lair:5:   layout_cave_pods, special_room [special_room_mythical_zoo],
          cheibrodos_lair_lostbears, grunt_megastairs_1, uniq_snorg,
          uniq_josephine, uniq_rupert, uniq_sonja
Lair:6:   evil_forest, layout_regular_city, slime_altar_1
Swamp:1:  layout_basic_swamp, infiniplex_staircase_pool
Swamp:2:  layout_basic_swamp, evilmike_swamp_ruin_house_5
Swamp:3:  layout_basic_swamp, nicolae_swamp_bean_lake
Swamp:4:  swamp_basic_johnstein, layout_basic_swamp, swamp_pool4,
          nicolae_swamp_feature_on_the_river_bank
Snake:1:  layout_onion
Snake:2:  minmay_snake_river, layout_honeycomb, grunt_ministairs_4
Snake:3:  layout_misc_corridors, st_stairs_10, grunt_megastairs_2
Snake:4:  minmay_snake_end_coiled, layout_cave_town, minmay_snake_pond,
          uniq_aizul, uniq_vashnia
Orc:1:    layout_diamond_mine, serial_shops,
          nicolae_shop_temple_entry_statues_fountains
Orc:2:    grunt_orc_cross, layout_caves
Elf:1:    elf_arrival_001, layout_loops_ring, basic_altar,
          portal_desolation_entry_salt, minmay_elf_crystal_heptagon,
          moated_statue
Elf:2:    elven_hall_of_blades_hangedman_original
          [nicolae_blade_entry_sentries_behind_glass], layout_geoelf_grid,
          serial_shops, shop, nicolae_elf_shapeshifter_party
Elf:3:    grunt_elf_hall_spiral, layout_loops_corners, minivault_15
Vaults:1: advil_vaults_ghost_lines, ontoclasm_vaults_tryst,
          nicolae_vaults_ninety_degrees, st_greater_box_5, v_misc_9,
          nicolae_vaults_specimen_jars, v_alt_pattern_1, vaults_dpeg_ring,
          layout_vaults_maze_snakey, uniq_asterion
Vaults:2: v_alt_pattern_5, hangedman_vaults_hard_town_square,
          nicolae_vaults_three_branches, v_misc_30, vaults_room_hallway,
          minmay_crypt_entry_simple_box, nicolae_vaults_stairing_the_circle,
          v_misc_8, hangedman_vaults_variations, grunt_vaults_swirl,
          ontoclasm_vaults_ligature, ontoclasm_vaults_bender,
          ontoclasm_vaults_decontamination, nicolae_vaults_little_squares_4,
          nicolae_vaults_shelves_hall, layout_vaults_omnibox, serial_shops,
          nicolae_shop_trees
Vaults:3: vaults_mumra_hex, vaults_room_boxed, v_misc_2,
          emtedronai_trogs_sanctum, hangedman_vaults_locks,
          vaults_room_stairs_pillars, vaults_room_pool,
          nicolae_vaults_little_squares_1, nicolae_vaults_rhombus_6,
          layout_vaults_omnicross
Vaults:4: lightli_enter_wizlab_magi_temple, v_misc_12, nicolae_vaults_theta,
          ontoclasm_vaults_misaligned, v_alt_pattern_2,
          nicolae_vaults_triangles, vaults_mumra_chevron_long,
          hangedman_vaults_snaps, nicolae_vaults_twisting_passages,
          ontoclasm_vaults_pinch, ontoclasm_vaults_shuriken, layout_vaults_ring,
          serial_shops, shop
Vaults:5: serial_shops, uniq_bai_suzhen
Depths:1: layout_gridlike, serial_shops, shop, hell_entry, lemuel_doored_altar,
          gammafunk_ghost_necromancy, nzn_hepliaklqana_mist_gate
Depths:2: grunt_deathspiral_small, layout_cave_pools, enter_ziggurat_a,
          pan_entry, serial_shops, bzr_entry_gold, shop_fountains,
          kennysheep_little_box, nicolae_diamond_shop, shop_coins,
          hangedman_abyss_entry_splay, hell_entry
Depths:3: cell_vault, layout_twisted_cross, serial_shops, shop,
          nicolae_abyss_entry_one_way_or_another, grunt_mini_vestibule,
          lemuel_angel_altar, infiniplex_staircase_pool_1
Depths:4: evilmike_zot_entry_castle, layout_gridlike, grunt_hell_entry_dis_mu,
          abyss_entry, hangedman_decor_clover_reticule, minmay_misc_feat_hallway
Zot:1:    layout_basic
Zot:2:    layout_gridlike
Zot:3:    layout_concentric_octagons, st_small_dragon_hoard_1, st_stairs_1,
          grunt_megastairs_4
Zot:4:    layout_gridlike, st_single_dragon_hoard_2, hangedman_player_shredder
Zot:5:    layout_misc_corridors

Skill      XL: |  1  2  3  4  5  6  7  8  9 10 11 12 13 14 15 16 17 18 19 20 21 22 23 24 25 26 27 |
---------------+----------------------------------------------------------------------------------+-----
Armour         | 4 5 9 12 13 15 17 19 20 22 25 27 | 27.0
Shields        | 4 8 14 15 17 23 25 | 25.2
Fighting       | 4 5 6 7 8 10 12 13 16 20 21 23 24 25 26 27 | 27.0
Maces & Flails | 3 5 7 8 11 12 | 12.0
Axes           | 6 11 14 16 | 16.5
Dodging        | 2 7 10 11 13 15 17 18 20 22 24 26 27 | 27.0
Invocations    | 1 6 8 11 12 16 | 16.0
Spellcasting   | 4 10 | 10.6
Transmutations | 1 |  1.6
Translocations | 1 |  1.4

Action                   |  1- 3 |  4- 6 |  7- 9 | 10-12 | 13-15 | 16-18 | 19-21 | 22-24 | 25-27 || total
-------------------------+-------+-------+-------+-------+-------+-------+-------+-------+-------++-------
Melee: Flail             |   102 |    64 |   298 |   272 |       |       |       |       |       ||   736
       Headbutt          |    10 |    14 |    67 |   130 |   317 |   397 |   561 |   573 |   618 ||  2687
       Broad axe         |       |       |       |   280 |  1071 |   858 |  1371 |  1470 |  1718 ||  6768
       Shillelagh        |       |       |       |       |       |   498 |   211 |       |       ||   709
       Unarmed           |       |       |       |       |       |       |       |       |     3 ||     3
Throw: Dart              |       |     6 |     6 |     3 |       |     3 |     6 |       |       ||    24
Invok: Heroism           |       |       |     1 |    17 |    20 |    14 |    13 |    15 |    29 ||   109
       Finesse           |       |       |       |       |       |       |     1 |     1 |    22 ||    24
  Use: Scroll            |       |     4 |     5 |     9 |     7 |     8 |     7 |     8 |    28 ||    76
       Potion            |       |       |     1 |       |     1 |       |     1 |     1 |     8 ||    12
 Stab: Confused          |       |       |       |       |       |       |       |       |     3 ||     3
       Distracted        |       |       |       |       |       |       |       |       |     1 ||     1
Armor: Scale mail        |    35 |    16 |       |       |       |       |       |       |       ||    51
       Plate armour      |       |    16 |   174 |   367 |   634 |   403 |   476 |    65 |       ||  2135
       Storm dragon scal |       |       |       |       |       |       |       |   364 |   186 ||   550
       Gold dragon scale |       |       |       |       |       |       |       |       |   338 ||   338
       Skin              |       |       |       |       |       |       |       |       |     1 ||     1
Dodge: Dodged            |    45 |    36 |    95 |   120 |   317 |   437 |   715 |   794 |   903 ||  3462
Block: Buckler           |    23 |    15 |    54 |    24 |       |       |       |       |       ||   116
       Kite shield       |       |       |       |   203 |   485 |   755 |   866 |   755 |   904 ||  3968
       Reflection        |       |       |       |       |       |    13 |       |       |       ||    13
       Tower shield      |       |       |       |       |       |       |       |       |    33 ||    33

Table legend: (Time is in decaauts)
 A = Elapsed time spent in this place.
 B = Non-inter-level travel time spent in this place.
 C = Inter-level travel time spent in this place.
 D = Time resting spent in this place.
 E = Time spent auto-exploring this place.
 F = Levels seen in this place.
 G = Mean time per level.
                   A        B        C        D        E       F      G
               +--------+--------+--------+--------+--------+-----+--------+
         Total |  92721 |  88337 |   4384 |  13340 |  60587 |  54 | 1717.1 |
       Dungeon |  20356 |  18685 |   1671 |   2683 |  13005 |  15 | 1357.1 |
        Temple |    188 |    139 |     49 |      0 |    121 |   1 |  188.0 |
          Lair |   8224 |   7674 |    550 |    504 |   6170 |   6 | 1370.7 |
         Swamp |   5519 |   5287 |    232 |   1211 |   3187 |   4 | 1379.8 |
     Snake Pit |   8349 |   8095 |    254 |   1516 |   5333 |   4 | 2087.2 |
  Orcish Mines |   1638 |   1437 |    201 |      0 |   1185 |   2 |  819.0 |
   Elven Halls |   6343 |   6109 |    234 |   1236 |   3784 |   3 | 2114.3 |
        Vaults |  13933 |  13480 |    453 |   2113 |   8798 |   5 | 2786.6 |
        Depths |  10777 |  10344 |    433 |   1735 |   7187 |   4 | 2694.2 |
           Zot |  12529 |  12225 |    304 |   1504 |   8980 |   5 | 2505.8 |
        Bazaar |    293 |    293 |      0 |      0 |    246 |   1 |  293.0 |
      Ice Cave |   1592 |   1592 |      0 |    429 |    879 |   1 | 1592.0 |
        Wizlab |    986 |    986 |      0 |    345 |    353 |   1 |  986.0 |
    Desolation |   1083 |   1083 |      0 |     61 |    617 |   1 | 1083.0 |
      Gauntlet |    905 |    905 |      0 |      0 |    741 |   1 |  905.0 |
               +--------+--------+--------+--------+--------+-----+--------+

Top non-repeatable levels by time:
Depths:4: 5180 daAuts
   Zot:4: 4981 daAuts
Vaults:5: 3819 daAuts
Vaults:3: 3186 daAuts
 Snake:4: 3048 daAuts
Vaults:2: 2948 daAuts
   Elf:2: 2797 daAuts
   Zot:2: 2324 daAuts
    D:13: 2293 daAuts
 Snake:2: 2276 daAuts
 Swamp:4: 2197 daAuts
Depths:3: 2087 daAuts
Vaults:4: 2039 daAuts
Depths:2: 2030 daAuts
Vaults:1: 1938 daAuts
